 Dungeon Crawl Stone Soup version 0.30.1-11-g7821555f0a (webtiles) character file.

Game seed: 5816835525236030931

81 porpoise the Shooter (level 4, -3/39 HPs)
             Began as a Minotaur Hunter on Dec 26, 2023.
             Killed from afar by an orc wizard (5 damage)
             ... with a magic dart
             ... on level 3 of the Dungeon.
             The game lasted 00:05:22 (1461 turns).

porpoise the Shooter (Minotaur Hunter)              Turns: 1461, Time: 00:05:22

Health: -3/39      AC:  3    Str: 15    XL:     4   Next: 20%
Magic:  3/3        EV: 12    Int:  6    God:
Gold:   79         SH:  0    Dex: 16    Spells: 3/3 levels left

rFire   . . .        a - +0 shortbow
rCold   . . .        (shield currently unavailable)
rNeg    . . .        c - +0 leather armour
rPois   .            (helmet restricted)
rElec   .            (no cloak)
rCorr   .            (no gloves)
SInv    .            (no boots)
Will    .....        (no amulet)
Stlth   +            (no ring)
HPRegen 0.26/turn    (no ring)
MPRegen 0.08/turn

%: no passive effects
@: no status effects
A: horns 2, retaliatory headbutt
a: no special abilities


You were on level 3 of the Dungeon.
You visited 1 branch of the dungeon, and saw 3 of its levels.

You collected 79 gold pieces.

Inventory:

Hand Weapons
 a - a +0 shortbow (weapon)
 b - a +0 hand axe of flaming
Armour
 c - a +0 leather armour (worn)
Scrolls
 d - a scroll of immolation
 e - a scroll of enchant armour {unknown}
 f - 2 scrolls of identify {unknown}
 l - a scroll of blinking {unknown}
Potions
 g - a potion of heal wounds
 h - a potion of mutation {unknown}
 i - a potion of attraction {unknown}
 j - 2 potions of flight {unknown}
 k - a potion of magic {unknown}


   Skills:
 + Level 3.6 Fighting
 + Level 5.1 Ranged Weapons
 + Level 2.5 Armour
 - Level 2.1 Dodging
 - Level 0.7 Stealth


You had 3 spell levels left.
You didn't know any spells.
Your spell library contained the following spells:

 Spells                   Type           Power      Damage    Failure   Level
 Leda's Liquefaction      Hex/Erth       0%         N/A       99%         4
 Lee's Rapid Deconstruct  Erth           0%         3d4*      100%        5
 Statue Form              Tmut/Erth      0%         N/A       100%        6


Dungeon Overview and Level Annotations

Branches:
Dungeon (3/15)

Altars:

Shops:
D:1 [   D:2 (


Innate Abilities, Weirdness & Mutations

You have a pair of horns on your head.
You reflexively headbutt those who attack you in melee.


Message History

You shoot an arrow.
You hear some strange, mumbled words.
You are confused.
You clumsily bash something but do no damage.
Your headbutt misses something. Something hits you.
You're too confused to move!
Something hits you.
You're too confused to move!
You hear some strange, mumbled words.
A puff of flame appears from out of thin air!
The puff of flame hits you.
* * * LOW HITPOINT WARNING * * *
You miss something. Your headbutt misses something.
You feel less confused.
An orc wizard appears from thin air!
Reactivating autopickup.
The orc wizard hits you with a +0 dagger.
* * * LOW HITPOINT WARNING * * *
The orc wizard casts a spell at you. The magic dart hits you.
* * * LOW HITPOINT WARNING * * *
You shoot an arrow. The arrow hits the orc wizard.
The orc wizard is moderately wounded.
The orc wizard hits you with a +0 dagger.
* * * LOW HITPOINT WARNING * * *
You shoot an arrow. The arrow hits the orc wizard.
The orc wizard is heavily wounded.
The orc wizard closely misses you.
The orc wizard hits you but does no damage.
You shoot an arrow. The arrow hits the orc wizard.
The orc wizard is heavily wounded.
The orc wizard hits you with a +0 dagger.
* * * LOW HITPOINT WARNING * * *
You shoot an arrow. The arrow barely misses the orc wizard.
The orc wizard points at you and mumbles some strange words.
You resist with some effort.
You shoot an arrow. The arrow hits the orc wizard.
The orc wizard is almost dead.
The orc wizard gestures at you while chanting.
The magic dart hits you.
You die...

. .. ... ....
.....
#########.)....
#.....@o.......
#.#######).....
#.# .?... #.#
.... #.# ...
#.# .. #.# .
#.# #.#


You could see an orc wizard.

Vanquished Creatures
  An adder (D:2)
  A worm (D:2)
  2 orcs (D:3)
  5 ball pythons
  7 endoplasms
  3 giant cockroaches
  6 goblins
  7 hobgoblins
  4 jackals (D:2)
  7 kobolds
  3 quokkas
  6 bats
  5 frilled lizards
  2 rats (D:1)
59 creatures vanquished.

Notes
Turn   | Place    | Note
-------+----------+-------------------------------------------
     0 | D:1      | porpoise the Minotaur Hunter began the quest for the Orb.
     0 | D:1      | Reached XP level 1. HP: 18/18 MP: 0/0
    80 | D:1      | Reached skill level 1 in Armour
   224 | D:1      | Reached XP level 2. HP: 25/25 MP: 1/1
   227 | D:1      | Found Ujacle's Armour Boutique.
   539 | D:1      | Reached XP level 3. HP: 29/31 MP: 2/2
   781 | D:2      | Reached skill level 5 in Ranged Weapons
   791 | D:2      | Found Toukid's Weapon Emporium.
   987 | D:2      | Reached XP level 4. HP: 38/38 MP: 3/3
  1459 | D:3      | HP: 1/39 [orc wizard/+0 dagger (3)]
  1461 | D:3      | Killed from afar by an orc wizard

Illustrated notes

Levels and vault maps discovered:
D:1:      lightli_arrival_boilingwater, layout_basic, serial_shops, shop,
          serial_bayou_ford_a
D:2:      layout_loops_ring, serial_shops, nicolae_shop_pleasant_corner_grove
D:3:      layout_basic, minmay_pentangle, uniq_robin

Skill      XL: |  1  2  3 |
---------------+----------+-----
Armour         | 1 2 |  2.5
Fighting       | 3 |  3.6
Ranged Weapons | 5 |  5.1
Dodging        | |  2.1
Stealth        | |  0.7

Action                     |  1- 3 |  4- 6 || total
---------------------------+-------+-------++-------
  Melee: Shortbow          |       |     4 ||     4
   Fire: Shortbow          |   108 |    43 ||   151
    Use: Potion            |       |     1 ||     1
 Armour: Leather armour    |    20 |    18 ||    38
  Dodge: Dodged            |    33 |    10 ||    43
